[ AOE2 MATCH · #505809144 ]
UnrankedBohemians vs Lithuanians
Player's team · LOSS
[ REPLAY ANALYSIS · EXTRACTED FROM THE RECORDED GAME ]
Feudal
13:32
Castle
19:40
Imperial
27:03
| APM avg | 25.4 |
| APM peak | 53 |
| eAPM avg | 20.0 |
| Villagers / military | 116 / 24 |
Focus
⚔️ 26.4% · 🌾 73.6%
Petard ×7 · Militia ×7 · Spearman ×5 · Fishing Ship ×4 · Monk ×3 · Hussite Wagon ×1
Feudal
11:06
Castle
19:46
Imperial
30:45
| APM avg | 33.1 |
| APM peak | 72 |
| eAPM avg | 23.3 |
| Villagers / military | 123 / 62 |
Focus
⚔️ 23.7% · 🌾 76.3%
Hand Cannoneer ×34 · Leitis ×10 · Fishing Ship ×10 · Monk ×7 · Bombard Cannon ×7 · Trebuchet (Packed) ×3
Match map
Initial resources + every placement click. Lines = walls · curves = elevation contours. ◆ gold · ⬟ stone · ● berries · ✦ relic · ◌ wall gap
Your base· ✓ Closed at 19:40 · 10t walls · no gate
Feather's base· ✓ Closed at 19:46 · 49t walls · no gate
Smoothed initial terrain · ◌ = detected wall gap · hover for details
Inputs per minute
— Banana Latte - - Feather
Build order — Banana Latte
First 150 of 332 actions detected
| 0:00 | Queue | Villager (Male) ×4 |
| 0:02 | Build | House |
| 0:04 | Build | House |
| 1:31 | Queue | Villager (Male) |
| 2:00 | Queue | Villager (Male) |
| 2:18 | Queue | Villager (Male) |
| 2:45 | Queue | Villager (Male) |
| 3:14 | Queue | Villager (Male) |
| 3:28 | Build | House |
| 3:30 | Build | Barracks |
| 3:45 | Research | Loom |
| 3:58 | Queue | Villager (Male) |
| 4:21 | Queue | Villager (Male) |
| 4:35 | Queue | Villager (Male) |
| 4:51 | Queue | Militia |
| 5:12 | Queue | Villager (Male) |
| 5:19 | Queue | Militia |
| 5:44 | Queue | Villager (Male) |
| 5:46 | Build | House |
| 5:47 | Build | House |
| 6:16 | Queue | Villager (Male) |
| 6:18 | Queue | Militia |
| 6:18 | Queue | Militia |
| 6:30 | Queue | Villager (Male) |
| 6:41 | Build | House |
| 6:53 | Queue | Militia |
| 6:59 | Queue | Villager (Male) |
| 7:18 | Build | House |
| 7:33 | Queue | Villager (Male) |
| 7:34 | Queue | Villager (Male) |
| 7:35 | Queue | Militia |
| 7:35 | Queue | Militia |
| 8:02 | Queue | Villager (Male) |
| 8:19 | Build | Lumber Camp |
| 8:43 | Queue | Villager (Male) |
| 9:09 | Queue | Villager (Male) |
| 9:33 | Build | Mill |
| 9:34 | Queue | Villager (Male) |
| 10:03 | Queue | Villager (Male) |
| 10:24 | Queue | Villager (Male) |
| 10:26 | Build | Dock |
| 10:35 | Queue | Villager (Male) |
| 11:02 | Build | House |
| 11:03 | Build | House |
| 11:04 | Queue | Fishing Ship |
| 11:22 | Research | Feudal Age |
| 11:53 | Queue | Fishing Ship |
| 12:03 | Build | Mining Camp |
| 12:24 | Build | Mill |
| 12:33 | Build | Farm |
| 12:33 | Build | Farm |
| 12:52 | Queue | Villager (Male) |
| 13:32 | Age | Feudal Age |
| 13:40 | Build | Stone Wall |
| 13:42 | Build | Stone Wall |
| 14:00 | Queue | Villager (Male) |
| 14:01 | Queue | Villager (Male) |
| 14:03 | Build | Blacksmith |
| 14:14 | Build | Market |
| 14:20 | Research | Double-Bit Axe |
| 14:30 | Build | Watch Tower |
| 14:35 | Build | Farm |
| 14:41 | Queue | Villager (Male) |
| 15:08 | Build | Watch Tower |
| 15:16 | Build | Watch Tower |
| 15:18 | Queue | Villager (Male) |
| 15:21 | Build | Farm |
| 15:45 | Queue | Villager (Male) |
| 15:46 | Queue | Villager (Male) |
| 15:50 | Build | Farm |
| 15:54 | Build | Farm |
| 15:56 | Research | Horse Collar |
| 16:12 | Queue | Villager (Male) |
| 16:13 | Build | Farm |
| 16:40 | Build | Farm |
| 16:53 | Build | Mining Camp |
| 16:54 | Research | Castle Age |
| 17:17 | Queue | Fishing Ship |
| 18:06 | Build | Fish Trap |
| 18:09 | Build | Fish Trap |
| 18:16 | Build | House |
| 18:19 | Build | House |
| 18:20 | Build | House |
| 19:11 | Build | Fish Trap |
| 19:12 | Queue | Fishing Ship |
| 19:35 | Queue | Villager (Male) |
| 19:40 | Age | Castle Age |
| 19:41 | Research | Bow Saw |
| 20:03 | Queue | Villager (Male) |
| 20:23 | Build | Castle |
| 20:32 | Queue | Villager (Male) |
| 20:37 | Queue | Villager (Male) |
| 20:43 | Build | Fish Trap |
| 20:50 | Build | House |
| 20:52 | Build | House |
| 20:54 | Build | House |
| 21:01 | Build | House |
| 21:02 | Build | House |
| 21:05 | Build | House |
| 21:17 | Queue | Villager (Male) |
| 21:27 | Research | Fletching |
| 21:41 | Queue | Villager (Male) |
| 21:42 | Queue | Villager (Male) |
| 22:18 | Queue | Villager (Male) |
| 22:35 | Build | Town Center |
| 22:39 | Queue | Villager (Male) |
| 23:05 | Build | Gate |
| 23:14 | Queue | Villager (Male) |
| 23:31 | Build | Town Center |
| 23:34 | Queue | Villager (Male) |
| 23:53 | Research | Imperial Age |
| 23:56 | Queue | Villager (Male) |
| 23:56 | Queue | Villager (Male) |
| 24:11 | Queue | Villager (Male) |
| 24:22 | Build | Town Center |
| 24:30 | Research | Scale Mail Armor |
| 24:41 | Build | Siege Workshop |
| 24:56 | Build | University |
| 25:07 | Queue | Villager (Male) |
| 25:08 | Queue | Villager (Male) |
| 25:09 | Queue | Villager (Male) |
| 25:27 | Queue | Villager (Male) |
| 25:38 | Research | Chemistry |
| 25:54 | Queue | Villager (Male) |
| 26:07 | Queue | Petard |
| 26:21 | Queue | Villager (Male) |
| 26:22 | Queue | Villager (Male) |
| 26:22 | Queue | Villager (Male) |
| 26:22 | Queue | Villager (Male) |
| 26:22 | Queue | Villager (Male) |
| 26:22 | Queue | Villager (Male) |
| 26:23 | Queue | Villager (Male) |
| 26:32 | Build | Siege Workshop |
| 26:43 | Queue | Villager (Male) |
| 26:59 | Queue | Villager (Male) |
| 27:03 | Age | Imperial Age |
| 27:20 | Queue | Bombard Cannon |
| 27:23 | Queue | Villager (Male) |
| 27:23 | Queue | Villager (Male) |
| 27:26 | Queue | Villager (Male) |
| 27:30 | Build | Lumber Camp |
| 27:32 | Queue | Villager (Male) |
| 27:48 | Queue | Hussite Wagon |
| 27:55 | Queue | Villager (Male) |
| 27:59 | Build | Farm |
| 28:03 | Queue | Villager (Male) |
| 28:04 | Queue | Villager (Male) |
| 28:04 | Queue | Villager (Male) |
| 28:04 | Queue | Villager (Male) |
| 28:04 | Queue | Villager (Male) |
Build order — Feather
First 150 of 375 actions detected
| 0:00 | Queue | Villager (Male) |
| 0:01 | Queue | Villager (Male) |
| 0:02 | Build | House |
| 0:04 | Build | House |
| 0:05 | Research | Loom |
| 0:09 | Queue | Villager (Male) |
| 0:22 | Queue | Villager (Male) |
| 0:22 | Queue | Villager (Male) |
| 0:33 | Build | Palisade Wall |
| 0:43 | Queue | Villager (Male) |
| 0:43 | Queue | Villager (Male) |
| 1:37 | Build | Lumber Camp |
| 2:17 | Queue | Villager (Male) |
| 3:05 | Queue | Villager (Male) |
| 3:14 | Queue | Villager (Male) |
| 3:50 | Queue | Villager (Male) |
| 4:01 | Build | House |
| 4:30 | Queue | Villager (Male) |
| 4:39 | Queue | Villager (Male) |
| 5:28 | Queue | Villager (Male) |
| 5:29 | Queue | Villager (Male) |
| 6:08 | Queue | Villager (Male) |
| 6:19 | Build | House |
| 6:32 | Build | Palisade Wall |
| 6:39 | Build | Palisade Wall |
| 6:41 | Build | Palisade Wall |
| 6:41 | Build | Palisade Wall |
| 6:42 | Build | Palisade Wall |
| 6:43 | Build | Palisade Wall |
| 6:44 | Queue | Villager (Male) |
| 6:46 | Queue | Villager (Male) |
| 6:54 | Queue | Villager (Male) |
| 6:58 | Build | House |
| 6:59 | Build | House |
| 7:00 | Build | House |
| 7:18 | Build | Palisade Wall |
| 7:24 | Build | Palisade Wall |
| 7:30 | Build | Palisade Wall |
| 7:34 | Build | Palisade Wall |
| 7:35 | Queue | Villager (Male) |
| 7:41 | Build | Palisade Wall |
| 7:42 | Build | Palisade Wall |
| 7:47 | Queue | Villager (Male) |
| 7:59 | Build | Mill |
| 8:08 | Build | Palisade Wall |
| 8:31 | Queue | Villager (Male) |
| 8:46 | Build | Palisade Wall |
| 8:50 | Build | Palisade Wall |
| 8:53 | Research | Feudal Age |
| 8:57 | Build | Palisade Wall |
| 8:58 | Build | Palisade Wall |
| 9:16 | Build | Mill |
| 9:55 | Build | Palisade Wall |
| 10:14 | Build | Palisade Wall |
| 10:20 | Build | Palisade Wall |
| 10:27 | Queue | Villager (Male) |
| 10:33 | Build | Palisade Wall |
| 10:38 | Build | Palisade Wall |
| 11:06 | Build | Dock |
| 11:06 | Age | Feudal Age |
| 11:16 | Build | Watch Tower |
| 11:25 | Research | Double-Bit Axe |
| 11:28 | Research | Horse Collar |
| 11:30 | Queue | Villager (Male) |
| 11:34 | Queue | Villager (Male) |
| 12:08 | Queue | Villager (Male) |
| 12:28 | Build | House |
| 12:33 | Queue | Villager (Male) |
| 12:37 | Queue | Fishing Ship |
| 12:48 | Queue | Fishing Ship |
| 12:52 | Build | House |
| 13:00 | Build | Farm |
| 13:03 | Queue | Villager (Male) |
| 13:17 | Queue | Villager (Male) |
| 13:38 | Build | Farm |
| 13:39 | Build | Farm |
| 13:41 | Queue | Fishing Ship |
| 13:46 | Queue | Villager (Male) |
| 14:01 | Build | Mining Camp |
| 14:13 | Queue | Villager (Male) |
| 14:31 | Queue | Villager (Male) |
| 14:33 | Build | Farm |
| 14:56 | Build | Lumber Camp |
| 14:58 | Queue | Villager (Male) |
| 15:34 | Queue | Villager (Male) |
| 15:46 | Build | Stone Wall |
| 15:52 | Queue | Villager (Male) |
| 15:58 | Build | Market |
| 16:09 | Queue | Villager (Male) |
| 16:12 | Build | Farm |
| 16:20 | Build | Blacksmith |
| 16:39 | Queue | Villager (Male) |
| 16:50 | Build | Stone Wall |
| 16:55 | Build | Farm |
| 16:56 | Build | Farm |
| 17:06 | Research | Castle Age |
| 17:07 | Research | Castle Age |
| 17:10 | Build | Farm |
| 17:11 | Build | Farm |
| 17:22 | Build | Stone Wall |
| 17:36 | Build | Mining Camp |
| 17:41 | Queue | Fishing Ship |
| 17:50 | Build | House |
| 17:56 | Build | House |
| 18:01 | Build | House |
| 18:02 | Build | House |
| 18:05 | Build | House |
| 18:09 | Build | House |
| 18:37 | Queue | Fishing Ship |
| 18:46 | Build | Fish Trap |
| 18:53 | Build | Fish Trap |
| 18:54 | Queue | Fishing Ship |
| 19:00 | Build | House |
| 19:10 | Build | Lumber Camp |
| 19:18 | Research | Gold Mining |
| 19:23 | Build | Fish Trap |
| 19:25 | Queue | Fishing Ship |
| 19:29 | Queue | Villager (Male) |
| 19:46 | Age | Castle Age |
| 20:12 | Build | Town Center |
| 20:15 | Research | Bow Saw |
| 20:19 | Queue | Villager (Male) |
| 20:21 | Research | Wheelbarrow |
| 20:25 | Build | Fish Trap |
| 20:30 | Build | Farm |
| 20:32 | Queue | Fishing Ship |
| 20:40 | Build | House |
| 20:42 | Queue | Villager (Male) |
| 20:58 | Queue | Villager (Male) |
| 21:13 | Build | Town Center |
| 21:34 | Build | Stone Wall |
| 21:44 | Build | Fish Trap |
| 21:47 | Build | House |
| 21:50 | Build | House |
| 21:53 | Queue | Villager (Male) |
| 21:59 | Build | Stone Wall |
| 22:00 | Build | Stone Wall |
| 22:13 | Build | Siege Workshop |
| 22:24 | Queue | Villager (Male) |
| 22:27 | Queue | Villager (Male) |
| 22:30 | Build | Fish Trap |
| 22:35 | Queue | Fishing Ship |
| 22:42 | Queue | Villager (Male) |
| 22:44 | Build | House |
| 22:56 | Build | Stone Wall |
| 22:59 | Build | Stone Wall |
| 23:03 | Build | Farm |
| 23:05 | Build | Farm |
| 23:07 | Build | Farm |
| 23:11 | Queue | Villager (Male) |
Match timeline
| 0:33 | Feather · wall_segment Palisade Wall x5 |
| 3:30 | Banana Latte · first_building Barracks |
| 6:32 | Feather · wall_segment Palisade Wall x1 |
| 6:39 | Feather · wall_segment Palisade Wall x1 |
| 6:41 | Feather · wall_segment Palisade Wall x1 |
| 6:41 | Feather · wall_segment Palisade Wall x1 |
| 6:42 | Feather · wall_segment Palisade Wall x1 |
| 6:43 | Feather · wall_segment Palisade Wall x1 |
| 7:18 | Feather · wall_segment Palisade Wall x3 |
| 7:24 | Feather · wall_segment Palisade Wall x2 |
| 7:30 | Feather · wall_segment Palisade Wall x1 |
| 7:34 | Feather · wall_segment Palisade Wall x1 |
| 7:41 | Feather · wall_segment Palisade Wall x1 |
| 7:42 | Feather · wall_segment Palisade Wall x1 |
| 8:08 | Feather · wall_segment Palisade Wall x3 |
| 8:46 | Feather · wall_segment Palisade Wall x5 |
| 8:50 | Feather · wall_segment Palisade Wall x4 |
| 8:57 | Feather · wall_segment Palisade Wall x1 |
| 8:58 | Feather · wall_segment Palisade Wall x1 |
| 9:55 | Feather · wall_segment Palisade Wall x4 |
| 10:14 | Feather · wall_segment Palisade Wall x1 |
| 10:20 | Feather · wall_segment Palisade Wall x1 |
| 10:26 | Banana Latte · first_building Dock |
| 10:33 | Feather · wall_segment Palisade Wall x1 |
| 10:38 | Feather · wall_segment Palisade Wall x1 |
| 11:06 | Feather · first_building Dock |
| 11:06 | Feather · age_up feudal |
| 13:32 | Banana Latte · age_up feudal |
| 13:40 | Banana Latte · wall_segment Stone Wall x8 |
| 13:42 | Banana Latte · wall_segment Stone Wall x3 |
| 15:46 | Feather · wall_segment Stone Wall x8 |
| 16:50 | Feather · wall_segment Stone Wall x1 |
| 17:22 | Feather · wall_segment Stone Wall x7 |
| 19:40 | Banana Latte · age_up castle |
| 19:46 | Feather · age_up castle |
| 19:57 | Feather · first_market_sell 100 food |
| 19:59 | Feather · first_market_buy 100 stone |
| 20:23 | Banana Latte · first_building Castle |
| 21:34 | Feather · wall_segment Stone Wall x8 |
| 21:59 | Feather · wall_segment Stone Wall x1 |
| 22:00 | Feather · wall_segment Stone Wall x1 |
| 22:13 | Feather · first_building Siege Workshop |
| 22:56 | Feather · wall_segment Stone Wall x5 |
| 22:59 | Feather · wall_segment Stone Wall x5 |
| 24:41 | Banana Latte · first_building Siege Workshop |
| 25:22 | Banana Latte · first_market_buy 100 food |
| 25:35 | Banana Latte · first_market_sell 100 wood |
| 25:52 | Feather · wall_segment Stone Wall x3 |
| 27:00 | Feather · first_building Monastery |
| 27:03 | Banana Latte · age_up imperial |
| 27:54 | Feather · wall_segment Stone Wall x11 |
| 28:50 | Feather · first_building Barracks |
| 29:47 | Feather · first_building Archery Range |
| 30:45 | Feather · age_up imperial |
| 31:43 | Feather · first_building Castle |
| 35:13 | Banana Latte · first_building Monastery |
| 37:17 | Feather · first_building Stable |
| 38:38 | Banana Latte · first_building Archery Range |
| 39:28 | Banana Latte · resign |
[ AI ANALYSIS · 1 CREDIT ]
What really happened in this match?
Wolo.gg analyzes every decision: build order, eco, micro, common mistakes by bracket. Personalized analysis on WhatsApp or Discord in 30 seconds.
Civ guide
Bohemians
Perfil
Jugador #554857